 Dungeon Crawl Stone Soup version 0.24.0-13-gcf9b319 (webtiles) character file.

Game seed: 14779807643172412618, levelgen mode: deterministic

7461 BeowulfAlex the Transmogrifier (level 11, -10/93 HPs)
             Began as an Octopode Transmuter on May 20, 2020.
             Was a Believer of Wu Jian.
             Mangled by an orc warrior
             ... wielding a +0 glaive
              (27 damage)
             ... on level 10 of the Dungeon.
             The game lasted 00:31:37 (11196 turns).

BeowulfAlex the Transmogrifier (OpTm)              Turns: 11196, Time: 00:31:38

Health: -10/93     AC:  6    Str: 12    XL:     11   Next: 15%
Magic:  15/17      EV: 13    Int: 16    God:    Wu Jian [**....]
Gold:   367        SH:  0    Dex: 13    Spells: 4/18 levels left

rFire    x . .     SeeInvis .     - Unarmed
rCold    + + +     Gourm    .   (shield currently unavailable)
rNeg     . . .     Faith    .   (helmet currently unavailable)
rPois    +         Spirit   .   (no amulet)
rElec    .         Reflect  .   (no ring)
rCorr    .         Harm     .   (no ring)
MR       .....                  (no ring)
Stlth    +.........             (no ring)
HPRegen  0.25/turn              (no ring)
MPRegen  0.15/turn              (no ring)
                                (no ring)
                                (no ring)

@: ice-form
A: large, almost no armour, stealthy swim, amphibious, 8 rings, (constrict 8)
a: End Transformation, Wall Jump, Renounce Religion


You were on level 10 of the Dungeon.
You worshipped Wu Jian.
Wu Jian was pleased with you.
You were not hungry.
You were a creature of crystalline ice.
You visited 2 branches of the dungeon, and saw 11 of its levels.

You collected 536 gold pieces.
You spent 169 gold pieces at shops.

Inventory:

Hand Weapons
 l - a +3 short sword of draining
 n - a +3 flail of crushing
 q - a +2 dagger of venom
Missiles
 d - 5 poisoned darts
 e - 208 stones (quivered)
 i - 14 javelins
 o - 6 boomerangs
 s - 2 throwing nets
Armour
 a - a cursed +0 buckler
Wands
 b - a wand of paralysis (11)
 v - a wand of random effects (18)
 y - a wand of polymorph (8)
 z - a wand of iceblast (11)
 A - a wand of enslavement (21)
Scrolls
 f - 2 scrolls of enchant armour
 h - 4 scrolls of teleportation
 m - 2 scrolls of enchant weapon
 r - 5 scrolls of remove curse
 t - a scroll of immolation {unknown}
 u - 2 scrolls of blinking
 B - a scroll of torment {unknown}
 D - a scroll of vulnerability {unknown}
 E - a scroll of magic mapping {unknown}
 G - a scroll of fear {unknown}
 I - 3 scrolls of amnesia
Potions
 g - 7 potions of heal wounds
 j - 4 potions of curing
 k - 3 potions of brilliance
 p - a potion of resistance
 w - a potion of experience {unknown}
 x - a potion of haste
 C - a potion of degeneration {unknown}
 F - a potion of mutation {unknown}
 H - 3 potions of flight
Comestibles
 c - 15 rations
 J - a chunk of flesh


   Skills:
 * Level 8.5 Fighting
 + Level 6.0 Dodging
 * Level 8.8 Unarmed Combat
 - Level 4.0 Spellcasting
 - Level 2.0 Hexes
 * Level 8.8 Transmutations
 - Level 4.0 Ice Magic
 - Level 1.5 Poison Magic


You had 4 spell levels left.
You knew the following spells:

 Your Spells              Type           Power        Failure   Level  Hunger
a - Beastly Appendage     Tmut           ####..       1%          1    None
b - Spider Form           Tmut/Pois      ###.......   6%          3    ###....
c - Ice Form              Ice/Tmut       ###.....     12%         4    ####...
d - Confusing Touch       Hex            #.....       8%          1    None
e - Blade Hands           Tmut           ####......   12%         5    ######.

Your spell library contained the following spells:

 Spells                   Type           Power        Failure   Level  Hunger
 Sticks to Snakes         Tmut           ####....     1%          2    ##.....
 Confuse                  Hex            #.......     22%         3    ###....
 Petrify                  Tmut/Erth      ###.....     26%         4    ####...
 Gell's Gravitas          Tloc           #.........   45%         3    ###....
 Yara's Violent Unravell  Hex/Tmut       ###.......   45%         5    ######.
 Metabolic Englaciation   Hex/Ice        ##........   80%         5    ######.


Dungeon Overview and Level Annotations

Branches:
Dungeon (10/15)            Temple (1/1) D:6
   Lair: D:8-11         Orc: D:9-12

Altars:
Ashenzari
Cheibriados
Dithmenos
Elyvilon
Fedhas
Gozag
Hepliaklqana
Kikubaaqudgha
Makhleb
Nemelex Xobeh
Okawaru
Qazlal
Ru
Sif Muna
Trog
Uskayaw
Vehumet
Wu Jian
Xom
Yredelemnul
Zin
The Shining One

Shops:
D:7 *!*:

Annotations:
D:3 2 transporters, Sinoran's ghost, amateur FoFi


Innate Abilities, Weirdness & Mutations

You cannot wear most types of armour.
You are very stealthy in the water. (Stealth+)
You are amphibious.
You can wear up to eight rings at the same time.
((You can use your tentacles to constrict eight enemies at once.))
((Your skin changes colour to match your surroundings (Stealth+).))
((Your rubbery body absorbs attacks. (AC +1, EV +1)))


Message History

The orc warrior is moderately wounded.
You spin and attack the orc wizard repeatedly.
You punch the orc wizard! You freeze the orc wizard.
The orc wizard is almost dead.
You barely miss the orc wizard.
The orc wizard is almost dead.
The orc wizard hits you with a +0 dagger.
* * * LOW HITPOINT WARNING * * *
Items here: ( )) [ a +0 dagger; a +0 robe; a +0 morningstar; 18 bolts Unknown command.
You spin and attack the orc warrior.
You hit the orc warrior but do no damage.
The orc warrior is moderately wounded.
You spin and attack the orc wizard repeatedly.
You punch the orc wizard! You freeze the orc wizard.
You kill the orc wizard!
The Council accepts your kill.
The orc warrior hits you with a +0 glaive!!
You die...

#..##.....#####+##
#..##.....#
#####.....# #..
#.....# # #..
#.....# .. #..
#.....#
...##..##.....#
..............#
.......Yo.....#
.......)).....#
..............#
.............?#
#..##..##.....# #'
#.. #.....# # ....
##+#### .....
..##..


You could see an orc warrior (pinned).

Vanquished Creatures
  Harold (D:8)
  Erica (D:9)
  Maurice (D:8)
  A troll (D:9)
  Grinder (D:6)
  Prince Ribbit (D:6)
  A hornet (D:9)
  3 hippogriffs
  A wyvern (D:6)
  Edmund (D:6)
  Duvessa (D:7)
  A soldier ant (D:9)
  A hornet zombie (D:9)
  2 ice beasts
  3 sky beasts
  A black bear (D:8)
  An orc warrior (D:7)
  2 phantoms
  4 ogres
  3 centaurs
  A big kobold (D:8)
  5 bullfrogs
  A gnoll sergeant (D:9)
  Dowan (D:7)
  3 scorpions (D:7)
  5 killer bees (D:7)
  7 orc priests
  4 crimson imps
  A bullfrog skeleton (D:7)
  3 jellies
  6 hounds
  Crazy Yiuf (D:3)
  7 orc wizards
  2 centaur skeletons
  4 iguanas
  3 worker ants
  A killer bee zombie (D:6)
  3 hound skeletons
  A worker ant zombie (D:5)
  A howler monkey skeleton (D:6)
  8 gnolls
  16 adders
  A shadow imp (D:7)
  An ooze (D:1)
  2 adder skeletons
  5 worms
  3 dart slugs
  4 leopard geckos
  30 orcs
  5 giant cockroaches
  5 goblins
  11 hobgoblins
  7 jackals
  19 kobolds
  6 quokkas
  7 bats
  4 frilled lizards
  A leopard gecko skeleton (D:6)
  7 rats
233 creatures vanquished.

Vanquished Creatures (others)
  An orc wizard (D:3)
  3 plants (D:10)
4 creatures vanquished.

Grand Total: 237 creatures vanquished

Notes
Turn   | Place    | Note
-------+----------+-------------------------------------------
     0 | D:1      | BeowulfAlex the Octopode Transmuter began the quest for the
                  | Orb.
     0 | D:1      | Reached XP level 1. HP: 13/13 MP: 3/3
   339 | D:1      | Reached XP level 2. HP: 18/18 MP: 3/5
   851 | D:1      | Reached XP level 3. HP: 20/24 MP: 4/6
   994 | D:2      | Learned a level 3 spell: Spider Form
  1446 | D:2      | Found a shimmering altar of Xom.
  1446 | D:2      | Found a glowing silver altar of Zin.
  1446 | D:2      | Noticed an angel
  1449 | D:2      | Reached XP level 4. HP: 17/29 MP: 5/7
  1772 | D:2      | Reached skill level 1 in Poison Magic
  1900 | D:2      | Found a glowing golden altar of the Shining One.
  2134 | D:2      | Reached XP level 5. HP: 35/35 MP: 6/8
  2897 | D:3      | Found a runed translucent door.
  2899 | D:3      | Noticed Crazy Yiuf
  2913 | D:3      | Killed Crazy Yiuf
  2970 | D:3      | Found a bloodstained altar of Trog.
  3105 | D:3      | Noticed Sinoran's ghost (amateur FoFi)
  3123 | D:3      | Found a transporter.
  3123 | D:3      | Noticed an ogre
  3126 | D:3      | Identified the +10 great mace of Hacking and Slashing
                  | {speed, Int+5}
  3126 | D:3      | Noticed an ogre
  3133 | D:3      | Found a transporter.
  3214 | D:3      | Found a snail-covered altar of Cheibriados.
  3215 | D:3      | Found a sacrificial altar of Ru.
  3218 | D:3      | Found an opulent altar of Gozag.
  3222 | D:3      | Became a worshipper of Ru the Awakened
  3485 | D:4      | Noticed an ogre
  3497 | D:3      | Killed an ogre
  3497 | D:3      | Reached XP level 6. HP: 42/42 MP: 6/9
  3528 | D:3      | Learned a level 4 spell: Ice Form
  3740 | D:4      | Reached skill level 1 in Ice Magic
  3770 | D:4      | Reached XP level 7. HP: 8/46 MP: 8/10
  4247 | D:4      | You fall into a shaft and drop 3 floors!
  4258 | D:7      | Found Qoczida's Distillery.
  4266 | D:7      | Bought a potion of heal wounds for 65 gold pieces
  4266 | D:7      | Bought a potion of curing for 39 gold pieces
  4266 | D:7      | Bought a potion of heal wounds for 65 gold pieces
  4300 | D:7      | Noticed Duvessa
  4549 | D:6      | Found a staircase to the Ecumenical Temple.
  4594 | D:7      | Reached XP level 8. HP: 23/54 MP: 3/11
  4911 | D:6      | Noticed Grinder
  4913 | D:6      | Paralysed by Grinder for 4 turns
  4919 | Temple   | Entered the Ecumenical Temple
  5068 | Temple   | Fell from the grace of Ru
  5068 | Temple   | Became a worshipper of the Wu Jian Council
  5204 | D:6      | Killed Grinder
  5204 | D:6      | Reached skill level 5 in Dodging
  5204 | D:6      | Reached skill level 5 in Unarmed Combat
  5204 | D:6      | Reached skill level 5 in Transmutations
  5239 | D:5      | Entered Level 5 of the Dungeon
  5524 | D:5      | Reached skill level 5 in Fighting
  5694 | D:5      | Reached XP level 9. HP: 55/61 MP: 8/12
  6080 | D:4      | Reached * piety under Wu Jian
  6242 | D:4      | Found a basalt altar of Yredelemnul.
  6853 | D:6      | Noticed Edmund
  6864 | D:6      | Killed Edmund
  6999 | D:6      | Learned a level 1 spell: Confusing Touch
  7079 | D:6      | Noticed Prince Ribbit
  7238 | D:6      | Reached skill level 1 in Hexes
  7296 | D:6      | Killed Prince Ribbit
  7698 | D:7      | Found Saomnui's Assorted Antiques.
  7794 | D:7      | Found Plog's General Store.
  7919 | D:7      | Found Ruobuonize's Book Boutique.
  8218 | D:7      | Reached XP level 10. HP: 69/69 MP: 8/14
  8305 | D:7      | Noticed Dowan
  8311 | D:7      | Killed Duvessa
  8316 | D:7      | Killed Dowan
  8397 | D:7      | Reached ** piety under Wu Jian
  9158 | D:8      | Noticed Harold
  9309 | D:8      | Noticed Maurice
  9333 | D:8      | Killed Maurice
  9545 | D:8      | Killed Harold
 10078 | D:9      | Noticed Erica
 10086 | D:9      | Learned a level 5 spell: Blade Hands
 10093 | D:9      | Killed Erica
 10157 | D:9      | Reached XP level 11. HP: 77/77 MP: 12/17
 11086 | D:10     | Entered Level 10 of the Dungeon
 11196 | D:10     | Mangled by an orc warrior

Levels and vault maps discovered:
D:1:      tarquinn_simple_flora_water_f, layout_loops_cross,
          minmay_misc_feat_plants, lemuel_flame_loot_1
D:2:      layout_loops_cross, grunt_temple_overflow_order_and_chaos_1, tso_altar
D:3:      layout_loops_ring, minitemple, gammafunk_ghost_smash,
          minmay_misc_feat_encased, bloody_trog, uniq_crazy_yiuf_cottage
D:4:      layout_cave_pools, lemuel_crystal_altar, serial_column_ruins,
          column_ruins_grid_3, column_ruins_open_small, column_ruins_open_tiny,
          column_ruins_open_small
D:5:      layout_basic, first_ration, kennysheep_generic_room_5
D:6:      layout_gridville, temple_pool_b, uniq_edmund, uniq_grinder,
          uniq_prince_ribbit1
D:7:      layout_gridville, serial_shops, nicolae_shop_statue_plus,
          shop_fountains, kennysheep_mini_moat, kennysheep_little_box,
          uniq_duvessa
D:8:      layout_cave_pools, uniq_maurice, uniq_harold
D:9:      layout_loops_ring, hangedman_pestilent_swarm, uniq_erica
D:10:     layout_gridville, david_lair_shrubbed
Temple:   eino_temple_scatter_basement

Skill      XL: |  1  2  3  4  5  6  7  8  9 10 11 |
---------------+----------------------------------+-----
Fighting       | 2 3 4 5 6 8 |  8.5
Poison Magic   | 1 |  1.5
Dodging        | 3 4 5 6 |  6.0
Transmutations | 3 4 5 7 8 |  8.8
Unarmed Combat | 4 5 7 8 |  8.8
Ice Magic      | 1 2 4 |  4.0
Hexes          | 2 |  2.0
Spellcasting   | 3 4 |  4.0

Action                   |  1- 3 |  4- 6 |  7- 9 | 10-12 || total
-------------------------+-------+-------+-------+-------++-------
Melee: Unarmed           |    68 |   137 |   304 |   192 ||   701
       Constrict         |    21 |    28 |    17 |     2 ||    68
       Kick              |    15 |    18 |    16 |       ||    49
       Tentacles         |     7 |    17 |    14 |     1 ||    39
       Punch             |     1 |     3 |     1 |       ||     5
Throw: Stone             |     2 |     1 |     3 |       ||     6
       Dart              |       |       |     2 |       ||     2
 Cast: Beastly Appendage |    19 |    29 |    21 |     1 ||    70
       Spider Form       |     1 |     6 |    26 |     3 ||    36
       Ice Form          |       |       |    10 |    16 ||    26
       Confusing Touch   |       |       |     1 |     1 ||     2
       Blade Hands       |       |       |       |     1 ||     1
Invok: Reject Sacrifices |       |       |     1 |       ||     1
       Lunge             |       |       |    35 |    20 ||    55
       Whirlwind         |       |       |    14 |    51 ||    65
  Use: Scroll            |       |     4 |     4 |     3 ||    11
 Stab: Sleeping          |     4 |     5 |     3 |     6 ||    18
  Eat: Chunk             |     2 |     9 |    20 |    12 ||    43
       Ration            |       |       |       |     1 ||     1
Armor: Skin              |     4 |     5 |    12 |    33 ||    54
Dodge: Dodged            |    40 |   106 |   162 |   128 ||   436
